 Dungeon Crawl Stone Soup version 0.31-a0-986-g5e6e4ef867 (webtiles) character file.

Game seed: 8261882393505768960

53 Sanktem7 the Trooper (level 3, 0/33 HPs)
             Began as a Minotaur Fighter on Nov 10, 2023.
             Slain by a gnoll
             ... wielding a +4 spear
              (6 damage)
             ... on level 2 of the Dungeon.
             The game lasted 00:01:15 (733 turns).

Sanktem7 the Trooper (Minotaur Fighter)              Turns: 733, Time: 00:01:16

Health: 0/33       AC:  7    Str: 22    XL:     3   Next: 64%
Magic:  2/2        EV:  9    Int:  5    God:
Gold:   54         SH:  4    Dex:  9    Spells: 2/2 levels left

rFire   . . .        a - +0 war axe {axe}
rCold   . . .        c - +0 buckler
rNeg    . . .        b - +0 scale mail
rPois   .            (helmet restricted)
rElec   .            (no cloak)
rCorr   .            (no gloves)
SInv    .            (no boots)
Will    .....        (no amulet) Stlth
                     (no ring)
HPRegen 0.25/turn    (no ring)
MPRegen 0.08/turn

%: no passive effects
@: no status effects
A: horns 2, retaliatory headbutt
a: no special abilities


You were on level 2 of the Dungeon.
You visited 1 branch of the dungeon, and saw 2 of its levels.

You collected 54 gold pieces.


Innate Abilities, Weirdness & Mutations

You have a pair of horns on your head.
You reflexively headbutt those who attack you in melee.


   Skills:
 + Level 4.0 Fighting
 * Level 3.4 Axes
 + Level 1.2 Throwing
 + Level 4.0 Armour
 + Level 4.0 Shields


You had 2 spell levels left.
You didn't know any spells.
Your spell library was empty.

Inventory:

Hand Weapons
 a - a +0 war axe (weapon) {axe}
Missiles
 h - 12 stones {throwing}
 l - 6 curare-tipped darts {=fthrowing}
Armour
 b - a +0 scale mail (worn)
 c - a +0 buckler (worn)
Scrolls
 g - a scroll of vulnerability {unknown}
 j - 2 scrolls of identify {unknown}
 k - 2 scrolls of enchant weapon {unknown}
 m - a scroll of poison {unknown}
Potions
 d - a potion of might
 e - 2 potions of curing {unknown}
 f - a potion of ambrosia {unknown}
 i - a potion of brilliance {unknown}

Dungeon Overview and Level Annotations

Branches:
Dungeon (2/15) Zot: 11234

Altars:

#.......#
#..$....#
#.......###
#.<.......###
#.......#....
#$........#
#...g.).#
#...)@<†#
#########


You could see a gnoll.


Message History

You feel stronger. x2 😎 HP[+6] MP[+1]
You now have 33 max hp (+6).
Your hp is fully restored (33).
Your mp is fully restored (2).
You now have 28 gold pieces (gained 12).
g - a scroll labelled KOPRAG WEBU Key pressed, stopping explore.
h - 6 stones {throwing}
h - 12 stones {throwing} (gained 6)
i - a lumpy clear potion
Found a stone staircase leading down. 2 hobgoblins come into view.
The hobgoblin shouts! x2
There are monsters nearby!
There is a stone staircase leading down here.
The hobgoblin closely misses you. You furiously retaliate!
You headbutt the hobgoblin!
You kill the hobgoblin!
The hobgoblin hits you. 😕 HP[-1]
You take 1 damage, and now have 32/33 hp.
You barely miss the hobgoblin.
An endoplasm comes into view.
The hobgoblin barely misses you. You furiously retaliate!
You headbutt the hobgoblin!
You kill the hobgoblin!
The endoplasm quivers.
Things that are here:
a scroll labelled YTUOMO RILUO; a hobgoblin corpse 😎 HP[+1]
Your hp is fully restored (33).
You slash the endoplasm!
You kill the endoplasm!
j - a scroll labelled YTUOMO RILUO You see here a hobgoblin corpse.
You now have 45 gold pieces (gained 17).
You now have 54 gold pieces (gained 9).
k - 2 scrolls labelled HICWIVV TORO A rat comes into view.
A rat is nearby!
You block the rat's attack.
You hit the rat. You headbutt the rat, but do no damage.
The rat bites you but does no damage. x2
You hit the rat.
You kill the rat!
No target in view!
No target in view!
No target in view!
No target in view!
l - 6 curare-tipped darts {=fthrowing}
j - 2 scrolls labelled YTUOMO RILUO (gained 1)
m - a scroll labelled TURAXO ZOLOHE You see here a rat skeleton.
Done exploring.
Done exploring.
Done exploring.
There is a stone staircase leading down here.
You climb downwards.
The gnoll shouts! x3
Found 24 gold pieces.
Found a stone staircase leading up.
There is a stone staircase leading up here.
There are monsters nearby!
You hit the rat but do no damage. The rat bites you but does no damage.
You slash the gnoll!
You kill the gnoll!
You slash the rat!
You kill the rat!
Your Fighting skill increases to level 4!
The gnoll hits you but does no damage.
The gnoll hits you with a +4 spear. 😕 HP[-5]
You take 5 damage, and now have 28/33 hp.
You hit the gnoll. x2; The gnoll hits you with a +0 spear!
The gnoll closely misses you. The gnoll hits you with a +4 spear.
The gnoll hits you with a +0 spear. 😮 HP[-9]
You take 9 damage, and now have 19/33 hp.
MASSIVE DAMAGE!! (PAUSE)
You completely miss the gnoll. You slash the gnoll!
You kill the gnoll!
You block the gnoll's attack.
Your Armour skill increases to level 4!
Your Shields skill increases to level 4! 😮 HP[+1]
You closely miss the gnoll. The gnoll hits you with a +4 spear.
* * * LOW HITPOINT WARNING * * *
😨 HP[-4]
You take 4 damage, and now have 16/33 hp.
You closely miss the gnoll. The gnoll hits you with a +4 spear.
* * * LOW HITPOINT WARNING * * *
The gnoll hits you but does no damage. 😨 HP[-3]
You take 3 damage, and now have 13/33 hp.
You completely miss the gnoll. The gnoll hits you with a +4 spear!
* * * LOW HITPOINT WARNING * * *
😱 HP[-7]
You take 7 damage, and now have 6/33 hp.
MASSIVE DAMAGE!! (PAUSE)
You barely miss the gnoll. You headbutt the gnoll.
The gnoll hits you with a +4 spear.
You die...

Skill      XL: |  1  2  3 |
---------------+----------+-----
Axes           | 3 |  3.4
Throwing       | 1 |  1.2
Fighting       | 4 |  4.0
Armour         | 4 |  4.0
Shields        | 4 |  4.0

Action                     || total
---------------------------++-------
  Melee: War axe           ||    54
         Headbutt          ||     2
 Armour: Scale mail        ||    39
  Dodge: Dodged            ||    23
  Block: Buckler           ||     7

Levels and vault maps discovered:
D:1:      ncdulo_wetmaze, layout_loops_ring, serial_bayou_pond_b,
          minmay_misc_feat_enclosed
D:2:      layout_rooms

Notes
Turn   | Place    | Note
-------+----------+-------------------------------------------
     0 | D:1      | Sanktem7 the Minotaur Fighter began the quest for the Orb.
     0 | D:1      | Reached XP level 1. HP: 19/19 MP: 0/0
     0 | D:1      | magus.rc [v1.9.6]
    68 | D:1      | Reached XP level 2. HP: 18/27 MP: 1/1
    78 | D:1      | HP: 5/27 [frozen (3)]
    80 | D:1      | Reached skill level 3 in Axes
   354 | D:1      | Reached skill level 1 in Throwing
   440 | D:1      | Reached XP level 3. HP: 33/33 MP: 2/2
   727 | D:2      | Reached skill level 4 in Fighting
   730 | D:2      | Reached skill level 4 in Armour
   730 | D:2      | Reached skill level 4 in Shields
   732 | D:2      | HP: 6/33 [gnoll/+4 spear (8)]
   733 | D:2      | Slain by a gnoll

Vanquished Creatures
  2 gnolls (D:2)
  A dart slug (D:1)
  5 ball pythons (D:1)
  2 bats (D:1)
  5 endoplasms (D:1)
  A goblin (D:1)
  4 hobgoblins (D:1)
  A jackal (D:1)
  A quokka (D:1)
  2 kobolds (D:1)
  5 rats
29 creatures vanquished.

Table legend:
 A = Non-vault XP
 B = Vault XP
 C = Vault XP percentage of total XP
 D = Non-vault monster count
 E = Vault monster count
 F = Vault count percentage of total count
                 A         B        C        D         E       F
            +---------+---------+-------+---------+---------+-------
      Total |      67 |      10 |  13.0 |      24 |       5 |  17.2
            +---------+---------+-------+---------+---------+-------
        D:1 |      38 |      10 |  20.8 |      21 |       5 |  19.2
        D:2 |      29 |       0 |   0.0 |       3 |       0 |   0.0
            +---------+---------+-------+---------+---------+-------

Skill      XL: |  1  2  3 |
---------------+----------+-----
Axes           | 3 |  3.4
Throwing       | 1 |  1.2
Fighting       | 4 |  4.0
Armour         | 4 |  4.0
Shields        | 4 |  4.0

Action                     || total
---------------------------++-------
  Melee: War axe           ||    54
         Headbutt          ||     2
 Armour: Scale mail        ||    39
  Dodge: Dodged            ||    23
  Block: Buckler           ||     7

Illustrated notes

Table legend:
 A = Kills in this place as a percentage of kills in the entire game.
 B = Kills by you in this place as a percentage of kills by you in the entire game.
 C = Kills by friends in this place as a percentage of kills by friends in the entire game.
 D = Other kills in this place as a percentage of other kills in the entire game.
 E = Experience gained in this place as a percentage of experience gained in the entire game.
 F = Experience gained in this place divided by the number of levels of this place that you have seen.
                   A       B       C       D       E      F
               +-------+-------+-------+-------+-------+----------------------
         Total | 100.0 | 100.0 |   N/A |   N/A | 100.0 |  38.5
       Dungeon | 100.0 | 100.0 |   N/A |   N/A | 100.0 |  38.5
               +-------+-------+-------+-------+-------+----------------------

Table legend: (Time is in decaauts)
 A = Elapsed time spent in this place.
 B = Non-inter-level travel time spent in this place.
 C = Inter-level travel time spent in this place.
 D = Time resting spent in this place.
 E = Time spent auto-exploring this place.
 F = Levels seen in this place.
 G = Mean time per level.
                   A        B        C        D        E       F      G
               +--------+--------+--------+--------+--------+-----+--------+
         Total |    763 |    756 |      7 |      0 |    620 |   2 |  381.5 |
       Dungeon |    763 |    756 |      7 |      0 |    620 |   2 |  381.5 |
               +--------+--------+--------+--------+--------+-----+--------+

Top non-repeatable levels by time:
     D:1: 752 daAuts
     D:2: 11 daAuts
